 Dungeon Crawl Stone Soup version 0.23.2-40-g277498a001 (webtiles) character file.

Game seed: 221070412338191378

858 OrcJesus the Ruffian (level 7, 0/71 HPs)
             Began as a Troll Berserker on Sept 5, 2019.
             Was an Elder of Trog.
             Slain by a wight
             ... wielding a cursed +5 flail
              (4 damage)
             ... on level 5 of the Dungeon.
             The game lasted 00:09:07 (3936 turns).

OrcJesus the Ruffian (Troll Berserker)              Turns: 3936, Time: 00:09:07

Health: 0/71       AC:  7    Str: 26    XL:     7   Next: 71%
Magic:  6/6        EV: 10    Int:  4    God:    Trog [****..]
Gold:   212        SH:  0    Dex: 15    Spells: 6/6 levels left

rFire    . . .     SeeInvis .     - Unarmed
rCold    . . .     Gourm    +   (no shield)
rNeg     . . .     Faith    .   a - +0 animal skin
rPois    .         Spirit   .   (helmet restricted)
rElec    .         Reflect  .   q - +0 cloak
rCorr    .         Harm     .   (gloves unavailable)
MR       .....                  (boots unavailable)
Stlth    +.........             (no amulet)
HPRegen  0.61/turn              p - +5 ring of dexterity
MPRegen  0.10/turn              (no ring)

@: drained
A: large, unfitting armour, claws 3, fast metabolism 3, gourmand, regeneration
1, shaggy fur 1, tough skin 3
a: Berserk, Trog's Hand, Brothers in Arms, Renounce Religion


You were on level 5 of the Dungeon.
You worshipped Trog.
Trog was greatly pleased with you.
You were not hungry.

You visited 1 branch of the dungeon, and saw 5 of its levels.

You collected 212 gold pieces.

Inventory:

Armour
 a - a +0 animal skin (worn)
 q - a +0 cloak (worn)
Jewellery
 p - a +5 ring of dexterity (left claw)
Wands
 s - a wand of digging (6)
 t - a wand of paralysis (7)
 u - a wand of scattershot (6)
 x - a wand of flame (12)
Scrolls
 d - 5 scrolls of teleportation {unknown}
 e - 2 scrolls of remove curse {unknown}
 f - 2 scrolls of amnesia {unknown}
 h - a scroll of magic mapping {unknown}
 j - 2 scrolls of enchant armour {unknown}
 m - 5 scrolls of identify {unknown}
 o - 2 scrolls of fear {unknown}
 v - a scroll of immolation {unknown}
 w - a scroll of fog {unknown}
 y - a scroll of holy word {unknown}
Potions
 c - 2 potions of agility {unknown}
 g - a potion of resistance {unknown}
 i - 2 potions of curing {unknown}
 k - 2 potions of mutation {unknown}
 l - a potion of lignification {unknown}
 n - 2 potions of degeneration {unknown}
 r - a potion of heal wounds {unknown}
 z - 2 potions of invisibility {unknown}
 A - a potion of haste {unknown}
Comestibles
 b - 7 rations


   Skills:
 + Level 4.5(3.5) Fighting
 - Level 3.1(2.1) Throwing
 - Level 2.4(1.4) Dodging
 * Level 7.1(6.1) Unarmed Combat


You had 6 spell levels left.
You didn't know any spells.
Your spell library was empty.

Dungeon Overview and Level Annotations

Branches:
Dungeon (5/15)             Temple (0/1) D:5

Altars:
Elyvilon
Qazlal
Ru
The Shining One


Innate Abilities, Weirdness & Mutations

You are too large for most types of armour.
You have claws for hands.
Your metabolism is lightning-fast.
You like to eat raw meat.
Your natural rate of healing is unusually fast.
You are covered in fur. (AC +1)
You have extremely tough skin. (AC +3)


Message History

a +2 great sword of freezing; a +0 robe; a +3 great sword; a +0 robe A wight is nearby!
Found a ration.
The wight hits you with a cursed +5 flail!
You are too injured to fight recklessly!
You are too injured to fight recklessly!
You are too injured to fight recklessly!
You are too injured to fight recklessly!
You are too injured to fight recklessly!
You scratch the wight but do no damage.
The wight hits you with a cursed +5 flail!
* * * LOW HITPOINT WARNING * * *
You feel drained.
* * * LOW HITPOINT WARNING * * *
You claw the wight!
The wight is moderately damaged.
The wight hits you with a cursed +5 flail!
* * * LOW HITPOINT WARNING * * *
You feel drained.
You die...

.# ##.# .#.###
.....# ##########
...#.## ..........#
..⌠...#...........#
...............z..#
⌠.>.⌠.....%.....@.#
......####+######.#
..⌠...# #)#
...#.#####. #.#
.......... #.#
........# #.#
........# ####.#
..###...# #....#
........+ #.####


You could see a wight.

Vanquished Creatures
  The ghost of FishyPogo the Skirmisher, an amateur DsWn (D:3)
  A scorpion (D:4)
  2 wights (D:5)
  A crimson imp (D:5)
  4 quasits (D:3)
  An orc priest (D:4)
  A bullfrog skeleton (D:4)
  3 orc wizards (D:4)
  Crazy Yiuf (D:3)
  Natasha (thrice) (D:4)
  6 adders
  5 gnolls
  A white imp (D:4)
  2 oozes (D:1)
  4 worms (D:2)
  A dart slug (D:3)
  6 leopard geckos
  9 orcs (D:4)
  5 giant cockroaches
  4 hobgoblins
  10 jackals
  6 kobolds
  A quokka (D:2)
  A ball python (D:1)
  9 bats
  6 frilled lizards
  10 goblins
  2 goblin skeletons (D:4)
  2 goblin zombies (D:4)
  A hobgoblin zombie (D:4)
  A kobold zombie (D:4)
  An orc skeleton (D:4)
  An orc zombie (D:4)
  A quokka skeleton (D:4)
  7 rats
  A fungus (D:3)
121 creatures vanquished.

Notes
Turn   | Place    | Note
-------+----------+-------------------------------------------
     0 | D:1      | OrcJesus the Troll Berserker began the quest for the Orb.
     0 | D:1      | Reached XP level 1. HP: 22/22 MP: 0/0
   142 | D:1      | Reached XP level 2. HP: 22/29 MP: 1/1
   170 | D:1      | Reached skill level 1 in Throwing
   170 | D:1      | Reached XP level 3. HP: 36/36 MP: 2/2
   433 | D:1      | Reached ** piety under Trog
   838 | D:2      | Reached skill level 4 in Unarmed Combat
   972 | D:2      | Reached XP level 4. HP: 44/44 MP: 3/3
  1289 | D:2      | Found a sacrificial altar of Ru.
  1289 | D:2      | Found a white marble altar of Elyvilon.
  1289 | D:2      | Found a stormy altar of Qazlal.
  1613 | D:3      | Reached *** piety under Trog
  1654 | D:3      | Reached XP level 5. HP: 23/53 MP: 4/4
  2077 | D:3      | Found a transporter.
  2081 | D:3      | Noticed FishyPogo's ghost (amateur DsWn)
  2218 | D:3      | Found a transporter.
  2364 | D:3      | Found a runed translucent door.
  2365 | D:3      | Noticed Crazy Yiuf
  2376 | D:3      | Killed Crazy Yiuf
  2376 | D:3      | Reached skill level 5 in Unarmed Combat
  2447 | D:3      | Reached XP level 6. HP: 61/61 MP: 5/5
  2454 | D:3      | Killed FishyPogo's ghost
  2694 | D:4      | Noticed Natasha
  2705 | D:4      | Killed Natasha
  2764 | D:4      | Reached **** piety under Trog
  2764 | D:4      | Reached skill level 6 in Unarmed Combat
  2764 | D:4      | Reached XP level 7. HP: 68/68 MP: 6/6
  2979 | D:4      | Found a glowing golden altar of the Shining One.
  3454 | D:4      | Found a glowing golden altar of the Shining One.
  3759 | D:4      | Noticed Natasha
  3765 | D:4      | Killed Natasha
  3799 | D:4      | Noticed Natasha
  3814 | D:4      | Killed Natasha
  3822 | D:5      | Entered Level 5 of the Dungeon
  3834 | D:5      | Found a staircase to the Ecumenical Temple.
  3927 | D:5      | Reached skill level 7 in Unarmed Combat
  3936 | D:5      | Slain by a wight

Skill      XL: |  1  2  3  4  5  6  7 |
---------------+----------------------+-----
Throwing       | 1 2 3 |  3.1
Unarmed Combat | 4 5 6 7 |  7.1
Fighting       | 3 4 |  4.5
Dodging        | |  2.4

Action                   |  1- 3 |  4- 6 |  7- 9 || total
-------------------------+-------+-------+-------++-------
Melee: Unarmed           |    87 |   188 |    86 ||   361
       Punch             |     3 |     2 |     2 ||     7
Invok: Berserk           |       |     4 |       ||     4
  Eat: Chunk             |    14 |    18 |     9 ||    41
Armor: Animal skin       |    41 |    78 |    25 ||   144
Dodge: Dodged            |    58 |    97 |    35 ||   190
